 Dungeon Crawl Stone Soup version 0.19.4-8-ga85b6b9 (webtiles) character file.

2487 Naow the Thaumaturge (level 9, -6/45 HPs)
             Began as a Deep Elf Fire Elementalist on Feb 15, 2017.
             Was a Follower of Qazlal.
             Shot with a sling bullet by Joseph (14 damage)
             ... on level 8 of the Dungeon.
             The game lasted 00:10:45 (8737 turns).

Naow the Thaumaturge (Deep Elf Fire Elementalist)   Turns: 8737, Time: 00:10:45

Health: -6/45      AC:  5    Str:  5    XL:     9   Next: 27%
Magic:  19/24      EV: 13    Int: 24    God:    Qazlal [*.....]
Gold:   393        SH:  2    Dex: 15    Spells: 5 memorised, 12 levels left

rFire  . . .     SeeInvis +     (no weapon)
rCold  . . .     Gourm    .     a - +0 robe
rNeg   . . .     Faith    .     (no shield)
rPois  .         Spirit   .     H - +2 hat
rElec  .         Reflect  .     (no cloak)
rCorr  .         Harm     .     (no gloves)
MR     .....                    k - +0 pair of boots
Stlth  ++........               L - amulet of regeneration
                                F - ring of see invisible
                                d - +5 ring of slaying

@: no status effects
A: no striking features
a: Renounce Religion


You were on level 8 of the Dungeon.
You worshipped Qazlal.
Qazlal was aware of your devotion.
You were not hungry.

You visited 2 branches of the dungeon, and saw 9 of its levels.

You collected 393 gold pieces.

Inventory:

Armour
 a - a +0 robe (worn)
 k - a +0 pair of boots (worn)
 H - a +2 hat (worn)
Rods
 I - a +0 rod of clouds (14/14)
   (You found it on level 5 of the Dungeon)
Jewellery
 d - a +5 ring of slaying (left hand)
 e - an uncursed ring of stealth
 B - an uncursed ring of flight
 F - a ring of see invisible (right hand)
 L - an amulet of regeneration (around neck)
Wands
 J - a wand of digging (14/24)
Scrolls
 f - a scroll of recharging {unknown}
 g - 5 scrolls of remove curse {unknown}
 j - a scroll of fear {unknown}
 m - a scroll of immolation {unknown}
 n - 3 scrolls of identify {unknown}
 o - 3 scrolls of enchant armour {unknown}
 p - a scroll of teleportation {unknown}
 u - 3 scrolls of fog {unknown}
 y - 2 scrolls of amnesia {unknown}
 z - a scroll of magic mapping {unknown}
 C - a scroll of blinking {unknown}
Potions
 h - 5 potions of curing {unknown}
 q - a potion of might {unknown}
 r - 2 potions of degeneration {unknown}
 t - a potion of cure mutation {unknown}
 v - a potion of haste {unknown}
 x - a potion of lignification {unknown}
 A - a potion of ambrosia {unknown}
 E - a potion of heal wounds {unknown}
 K - a potion of brilliance {unknown}
 M - a potion of mutation {unknown}
Books
 b - a book of Flames

   Spells                             Type                      Level
   a - Flame Tongue                   Conjuration/Fire             1
   b - Throw Flame                    Conjuration/Fire             2
   c - Conjure Flame                  Conjuration/Fire             3
   d - Inner Flame                    Hexes/Fire                   3
   e - Sticky Flame                   Conjuration/Fire             4
   f - Fireball                       Conjuration/Fire             5
 D - a book of Minor Magic

   Spells                             Type                      Level
   a - Magic Dart                     Conjuration                  1
   b - Blink                          Translocation                2
   c - Call Imp                       Summoning                    2
   d - Repel Missiles                 Charms/Air                   2
   e - Slow                           Hexes                        2
   f - Conjure Flame                  Conjuration/Fire             3
   g - Mephitic Cloud                 Conjuration/Poison/Air       3
Comestibles
 c - 4 bread rations
 i - 3 meat rations
 l - 2 royal jellies
 s - a beef jerky
 w - 14 fruits
 G - a slice of pizza
 N - 2 chunks of flesh


   Skills:
 - Level 2.4 Dodging
 - Level 2.4 Stealth
 + Level 9.9 Spellcasting
 + Level 7.9 Conjurations
 + Level 8.7 Fire Magic


You had 12 spell levels left.
You knew the following spells:

 Your Spells              Type           Power        Failure   Level  Hunger
a - Flame Tongue          Conj/Fire      #####        1%          1    None
b - Throw Flame           Conj/Fire      ######       1%          2    None
c - Conjure Flame         Conj/Fire      ######..     1%          3    None
d - Sticky Flame          Conj/Fire      ######..     1%          4    #......
e - Fireball              Conj/Fire      ######....   6%          5    ####...


Dungeon Overview and Level Annotations

Branches:
Dungeon (8/15)             Temple (1/1) D:5
   Lair: D:8-11

Altars:
Ashenzari
Cheibriados
Elyvilon
Fedhas
Hepliaklqana
Kikubaaqudgha
Nemelex Xobeh
Okawaru
Qazlal
Ru
Uskayaw
Vehumet
Yredelemnul
Zin
The Shining One

Annotations:
D:3 Jessica
D:6 1 runed door
D:8 Joseph


Message History

Aim: a jackal The flame tongue hits the jackal.
You kill the jackal!
Qazlal accepts your kill.
Joseph shouts!
The hippogriff screeches!
Joseph unwields an uncursed quarterstaff.
Joseph wields a hunting sling.
Joseph shoots a sling bullet.
The sling bullet hits you!!
Ouch! That really hurt!
Casting: Flame Tongue
Confirm with . or Enter, or press ? or * to list all spells.
You can't see any susceptible monsters within range! (Use Z to cast anyway.) Joseph shoots a sling bullet.
The sling bullet hits you!
* * * LOW HITPOINT WARNING * * *
You see here a sling bullet.
Memorise Repel Missiles, consuming 2 spell levels and leaving 10?
You start memorising the spell.
You continue memorising.
Joseph shoots a sling bullet.
Your memorisation is interrupted.
The sling bullet hits you!
You die...

#.######
.....
#......#
.....
######.#
#..... #.#
#..... #.#
.....##
#.####..#....
#...........#
##..((.†@.†..
#@##.....#..
#.##.....@..
#.#...#.....
#.#.#......)
#.#. .......
#.## #######
... ###


You could see Joseph.

Vanquished Creatures
  A hippogriff (D:7)
  Sigmund (D:3)
  Eustachio (D:5)
  A black bear (D:4)
  A necrophage (D:6)
  5 ogres
  Blork the orc (D:6)
  3 bullfrogs
  A scorpion (D:6)
  2 howler monkeys
  A quasit (D:6)
  A bullfrog zombie (D:6)
  A centaur skeleton (D:5)
  A bullfrog skeleton (D:4)
  4 hounds
  2 jellies
  3 orc priests
  5 orc wizards
  An iguana (D:7)
  Natasha (twice) (D:2)
  6 worker ants
  A hound zombie (D:7)
  2 hound skeletons
  A worker ant zombie (D:5)
  7 adders
  3 shadow imps
  2 oozes
  An adder skeleton (D:7)
  3 worms
  A dart slug (D:1)
  3 leopard geckos
  12 orcs
  A ball python (D:2)
  7 bats
  6 giant cockroaches
  8 goblins
  10 hobgoblins
  16 jackals
  2 quokkas
  10 frilled lizards
  2 jackal zombies (D:6)
  9 kobolds
  A leopard gecko skeleton (D:6)
  A quokka skeleton (D:4)
  6 rats
159 creatures vanquished.

Notes
Turn   | Place    | Note
-------+----------+-------------------------------------------
     0 | D:1      | Naow the Deep Elf Fire Elementalist began the quest for the Orb.
     0 | D:1      | Reached XP level 1. HP: 10/10 MP: 6/6
   111 | D:1      | Reached XP level 2. HP: 15/15 MP: 6/8
   724 | D:1      | Reached XP level 3. HP: 12/19 MP: 3/10
  1144 | D:2      | Learned a level 2 spell: Throw Flame
  1148 | D:2      | Learned a level 3 spell: Conjure Flame
  1603 | D:2      | Found a shattered altar of Ashenzari.
  1700 | D:2      | Noticed Natasha
  1707 | D:2      | Killed Natasha
  1707 | D:2      | Reached skill level 4 in Spellcasting
  1707 | D:2      | Reached XP level 4. HP: 14/24 MP: 8/12
  2041 | D:2      | Found an iron altar of Okawaru.
  2131 | D:3      | Noticed Jessica
  2131 | D:3      | Noticed Sigmund
  2429 | D:2      | Noticed Natasha
  2437 | D:2      | Killed Natasha
  2588 | D:3      | Reached XP level 5. HP: 22/28 MP: 10/13
  2594 | D:3      | Learned a level 4 spell: Sticky Flame
  3355 | D:3      | Killed Sigmund
  3355 | D:3      | Reached skill level 5 in Spellcasting
  3355 | D:3      | Reached skill level 5 in Fire Magic
  3355 | D:3      | Reached XP level 6. HP: 32/32 MP: 6/16
  3896 | D:4      | Reached skill level 6 in Spellcasting
  4058 | D:4      | Found a white marble altar of Elyvilon.
  4716 | D:4      | Reached XP level 7. HP: 36/36 MP: 11/18
  4827 | D:5      | Entered Level 5 of the Dungeon
  4889 | D:5      | Reached skill level 5 in Conjurations
  4943 | D:5      | Learned a level 5 spell: Fireball
  5038 | D:5      | Found a blossoming altar of Fedhas.
  5068 | D:5      | Reached skill level 7 in Spellcasting
  5391 | D:5      | Noticed Eustachio
  5399 | D:5      | Killed Eustachio
  5484 | D:5      | Found a staircase to the Ecumenical Temple.
  5603 | D:5      | Found a basalt altar of Yredelemnul.
  5617 | Temple   | Entered the Ecumenical Temple
  5757 | Temple   | Became a worshipper of Qazlal Stormbringer
  5886 | D:5      | Reached XP level 8. HP: 41/41 MP: 18/21
  6237 | D:5      | Found a sacrificial altar of Ru.
  6670 | D:6      | Reached skill level 8 in Spellcasting
  6865 | D:6      | Found a runed door.
  6869 | D:6      | Found a basalt altar of Yredelemnul.
  7081 | D:6      | Noticed Blork the orc
  7087 | D:6      | Killed Blork the orc
  7364 | D:6      | Found a hazy altar of Hepliaklqana.
  7510 | D:6      | Reached * piety under Qazlal
  7550 | D:6      | Reached skill level 9 in Spellcasting
  7755 | D:6      | Reached XP level 9. HP: 45/45 MP: 19/24
  7782 | D:6      | Found a glowing silver altar of Zin.
  8731 | D:8      | Noticed Joseph
  8737 | D:8      | Shot with a sling bullet by Joseph

Skill      XL: |  1  2  3  4  5  6  7  8 |
---------------+-------------------------+-----
Conjurations   | 2 3 4 5 7 |  7.9
Fire Magic     | 4 5 6 8 |  8.7
Spellcasting   | 4 5 6 7 9 |  9.9
Dodging        | |  2.4
Stealth        | |  2.4

Action                   |  1- 3 |  4- 6 |  7- 9 || total
-------------------------+-------+-------+-------++-------
 Cast: Flame Tongue      |    78 |    80 |   142 ||   300
       Throw Flame       |       |    24 |    36 ||    60
       Sticky Flame      |       |     2 |     9 ||    11
       Fireball          |       |       |     2 ||     2
       Conjure Flame     |       |       |     1 ||     1
  Eat: Chunk             |     2 |    10 |    11 ||    23
       Royal jelly       |       |       |     1 ||     1
Armor: Robe              |     3 |     5 |    16 ||    24
Dodge: Dodged            |    19 |    33 |    28 ||    80
Block: Other             |       |       |     1 ||     1
